 Dungeon Crawl Stone Soup version 0.26-a0-1101-g8f9f7f7418 (webtiles) character file.

Game seed: 9542077035190059391

742 Dracia the Spear-Bearer (level 7, -1/50 HPs)
             Began as a Merfolk Gladiator on Dec 15, 2020.
             Slain by an ogre
             ... wielding a +0 giant spiked club
              (22 damage)
             ... on level 5 of the Dungeon.
             The game lasted 00:08:48 (6655 turns).

Dracia the Spear-Bearer (Merfolk Gladiator)         Turns: 6655, Time: 00:08:49

Health: -1/50      AC: 11    Str: 14    XL:     7   Next: 76%
Magic:  7/7        EV:  7    Int: 10    God:
Gold:   174        SH:  0    Dex: 15    Spells: 6/6 levels left

rFire    . . .     SeeInvis .   a - +0 trident
rCold    . . .     Faith    .   (no shield)
rNeg     . . .     Spirit   .   h - +0 chain mail
rPois    +         Reflect  .   c - +0 helmet
rElec    .         Harm     .   s - +0 cloak
rCorr    .         Rampage  .   x - +0 pair of gloves
Will     .....                  (no boots)
Stlth    ..........             (no amulet)
HPRegen  0.16/turn              P - ring of poison resistance
MPRegen  0.10/turn              (no ring)

@: no status effects
A: change form in water, swift swim, stealthy swim
a: no special abilities


You were on level 5 of the Dungeon.
You visited 1 branch of the dungeon, and saw 5 of its levels.

You collected 174 gold pieces.


   Skills:
 - Level 2.1 Fighting
 + Level 12.3 Polearms
 - Level 2.0 Throwing
 - Level 4.0 Dodging


You had 6 spell levels left.
You didn't know any spells.
Your spell library contained the following spells:

 Spells                   Type           Power        Failure   Level
 Magic Dart               Conj           #...         100%        1
 Blink                    Tloc           N/A          100%        2
 Call Imp                 Summ           #.......     100%        2
 Slow                     Hex            #.......     100%        2
 Conjure Flame            Conj/Fire      #.......     100%        3
 Mephitic Cloud           Conj/Pois/Air  #.......     100%        3

Inventory:

Hand Weapons
 a - a +0 trident (weapon)
Missiles
 d - 3 throwing nets (quivered) {=f=f}
 m - 22 poisoned darts
Armour
 b - a +0 leather armour
 c - a +0 helmet (worn)
 h - a +0 chain mail (worn)
 s - a +0 cloak (worn)
 x - a +0 pair of gloves (worn)
Jewellery
 C - an uncursed ring of ice
 P - a ring of poison resistance (left hand)
Wands
 r - a wand of polymorph (7)
 z - a wand of iceblast (4)
 B - a wand of digging (7)
Scrolls
 g - 2 scrolls of amnesia {unknown}
 j - a scroll of immolation {unknown}
 o - 2 scrolls of noise {unknown}
 p - a scroll of enchant weapon {unknown}
 u - 5 scrolls of identify {unknown}
 v - a scroll of remove curse {unknown}
 y - 2 scrolls of teleportation {unknown}
 A - a scroll of random uselessness {unknown}
 D - a scroll of magic mapping {unknown}
Potions
 e - a potion of cancellation {unknown}
 f - 2 potions of magic {unknown}
 i - 2 potions of brilliance {unknown}
 k - 4 potions of curing {@q1@q1}
 l - 3 potions of mutation {unknown}
 n - a potion of might {unknown}
 q - a potion of ambrosia {unknown}
 t - a potion of lignification {unknown}
 w - a potion of attraction {unknown}

Dungeon Overview and Level Annotations

Branches:
Dungeon (5/15)
 Temple: D:4-7

Altars:
Fedhas
Nemelex Xobeh
Qazlal
Ru
The Shining One

####### ......# ......######
.(....+....# ......#....#
......#....######################
......+....'....@O...............
#...###....#...##.#############..
'...'.+....#...##.# #..
#...###........##.# #.. #...#
###......##.# #.. #...#
#......##.# #..
#...#####......##.# ###
.####..........##.#
...##..........##.#


You could see an ogre.


Message History

There is an open door here.
You puncture the ogre!
The ogre is moderately wounded.
The ogre hits you with a +0 giant spiked club!!
You hit the ogre.
The ogre is moderately wounded.
You barely miss the ogre.
The ogre is moderately wounded.
The ogre hits you with a +0 giant spiked club!
* * * LOW HITPOINT WARNING * * *
You are too injured to fight recklessly!
You are too injured to fight recklessly!
Unknown command.
There is an open door here.
The ogre hits you with a +0 giant spiked club.
* * * LOW HITPOINT WARNING * * *
Reach: a) +0 trident
Press: ? - help, Dir - move target, f - ogre
Aim: an ogre, wielding a +0 giant spiked club (moderately wounded)
You reach to attack!
You barely miss the ogre.
The ogre is moderately wounded.
You don't know any spells.
Unknown command.
Evoke which item? (* to show all) (? for menu, Esc to quit)
Aiming: Polymorph
Press: ? - help, Shift-Dir - straight line, f/p - ogre
Aim: an ogre, wielding a +0 giant spiked club (moderately wounded, will become a warg, a meliai, or a hobgoblin, chance to affect: 46%)
Okay, then.
The ogre hits you with a +0 giant spiked club!!
You die...

Skill      XL: |  1  2  3  4  5  6  7 |
---------------+----------------------+-----
Polearms       | 5 6 7 8 9 10 12 | 12.3
Fighting       | |  2.1
Throwing       | |  2.0
Dodging        | |  4.0

Action                   |  1- 3 |  4- 6 |  7- 9 || total
-------------------------+-------+-------+-------++-------
Melee: Trident           |   105 |   305 |   106 ||   516
  Use: Potion            |       |       |     1 ||     1
 Stab: Distracted        |     1 |       |       ||     1
Armor: Chain mail        |    28 |   146 |    41 ||   215
       Leather armour    |     1 |       |       ||     1
Dodge: Dodged            |    39 |   112 |    24 ||   175

Levels and vault maps discovered:
D:1:      minmay_arrival_up_and_down, layout_loops_ring
D:2:      minmay_general_purpose_star, layout_basic
D:3:      layout_basic, nicolae_overflow_crystal_walls,
          nicolae_qazlal_general_emergency
D:4:      layout_basic, nemelex_altar_shiori, fedhas_altar_1
D:5:      layout_basic, lemuel_coloured_pillars_altar, serial_shops, shop,
          hangedman_decor_slide_cut, uniq_blork_the_orc

Notes
Turn   | Place    | Note
-------+----------+-------------------------------------------
     0 | D:1      | Dracia the Merfolk Gladiator began the quest for the Orb.
     0 | D:1      | Reached XP level 1. HP: 16/16 MP: 1/1
    68 | D:1      | Reached skill level 5 in Polearms
    83 | D:1      | Reached XP level 2. HP: 22/22 MP: 2/2
   367 | D:1      | Reached skill level 6 in Polearms
   367 | D:1      | Reached XP level 3. HP: 27/27 MP: 3/3
  1264 | D:1      | Reached skill level 7 in Polearms
  1264 | D:1      | Reached XP level 4. HP: 24/33 MP: 4/4
  1897 | D:2      | Reached skill level 8 in Polearms
  2023 | D:2      | Reached XP level 5. HP: 37/38 MP: 5/5
  2753 | D:3      | Reached skill level 9 in Polearms
  3338 | D:3      | Found a stormy altar of Qazlal.
  3484 | D:3      | Found a sacrificial altar of Ru.
  3692 | D:4      | Reached XP level 6. HP: 44/44 MP: 6/6
  3914 | D:4      | Found a blossoming altar of Fedhas.
  4001 | D:4      | Reached skill level 10 in Polearms
  4588 | D:4      | Found a sparkling altar of Nemelex Xobeh.
  4756 | D:5      | Entered Level 5 of the Dungeon
  4911 | D:4      | Reached XP level 7. HP: 27/50 MP: 7/7
  5076 | D:5      | Reached skill level 11 in Polearms
  5090 | D:5      | HP: 1/50 [orc priest/divine providence (12)]
  5710 | D:5      | HP: 4/50 [orc priest/divine providence (12)]
  6383 | D:5      | Reached skill level 12 in Polearms
  6475 | D:5      | Found a glowing golden altar of the Shining One.
  6542 | D:5      | Noticed Blork the orc
  6556 | D:5      | Killed Blork the orc
  6655 | D:5      | Slain by an ogre

Vanquished Creatures
  Blork the orc (D:5)
  A bullfrog zombie (D:4)
  4 orc wizards
  5 orc priests
  An iguana (D:4)
  5 worker ants
  A hound skeleton (D:5)
  4 gnolls
  5 adders
  A shadow imp (D:5)
  2 ufetubi (D:4)
  An adder skeleton (D:4)
  2 worms
  4 dart slugs
  4 leopard geckos
  13 orcs
  9 bats
  3 giant cockroaches
  9 goblins
  11 hobgoblins
  6 jackals
  A quokka (D:3)
  2 ball pythons
  5 frilled lizards
  11 kobolds
  10 rats
121 creatures vanquished.

Vanquished Creatures (others)
  An orc wizard (D:5)
1 creature vanquished.

Grand Total: 122 creatures vanquished

Table legend: (Time is in decaauts)
 A = Elapsed time spent in this place.
 B = Non-inter-level travel time spent in this place.
 C = Inter-level travel time spent in this place.
 D = Time resting spent in this place.
 E = Time spent auto-exploring this place.
 F = Levels seen in this place.
 G = Mean time per level.
                   A        B        C        D        E       F      G
               +--------+--------+--------+--------+--------+-----+--------+
         Total |   6602 |   6449 |    153 |   2122 |   3420 |   5 | 1320.4 |
       Dungeon |   6602 |   6449 |    153 |   2122 |   3420 |   5 | 1320.4 |
               +--------+--------+--------+--------+--------+-----+--------+

Top non-repeatable levels by time:
     D:4: 2232 daAuts
     D:1: 1299 daAuts
     D:2: 1193 daAuts
     D:3: 1178 daAuts
     D:5: 698 daAuts

Table legend:
 A = Non-vault XP
 B = Vault XP
 C = Vault XP percentage of total XP
 D = Non-vault monster count
 E = Vault monster count
 F = Vault count percentage of total count
                 A         B        C        D         E       F
            +---------+---------+-------+---------+---------+-------
      Total |     958 |     103 |   9.7 |     115 |       6 |   5.0
            +---------+---------+-------+---------+---------+-------
        D:1 |      93 |       0 |   0.0 |      31 |       0 |   0.0
        D:2 |      97 |       7 |   6.7 |      22 |       5 |  18.5
        D:3 |     107 |       0 |   0.0 |      26 |       0 |   0.0
        D:4 |     430 |       0 |   0.0 |      27 |       0 |   0.0
        D:5 |     231 |      96 |  29.4 |       9 |       1 |  10.0
            +---------+---------+-------+---------+---------+-------
